 Dungeon Crawl Stone Soup version 0.30.1-4-g462c640d31 (webtiles) character file.

Game seed: 357705016908759773

4 cheesebisquit the Grave Robber (level 1, 15/15 HPs)
             Began as a Ghoul Necromancer on July 28, 2023.
             Quit the game on level 1 of the Dungeon on Sept 4, 2023.
             The game lasted 00:01:26 (108 turns).

cheesebisquit the Grave Robber (Ghoul Necromancer)   Turns: 108, Time: 00:01:27

Health: 15/15      AC:  2    Str: 11    XL:     1   Next: 70%
Magic:  0/2        EV: 12    Int: 10    God:
Gold:   0          SH:  0    Dex:  9    Spells: 2/3 levels left

rFire   . .          .
                       - Unarmed
rCold   + . .        (no shield)
rNeg    + + +        a - +0 robe
rPois   ∞            (no helmet)
rElec   .            (no cloak)
rCorr   .            (no gloves)
SInv    .            (no boots)
Will    .....        (no amulet)
Stlth   ++           (no ring)
HPRegen 0.22/turn    (no ring)
MPRegen 0.08/turn

%: no passive effects
@: no status effects
A: claws 1, cold resistance 1, negative energy resistance 3, inhibited
regeneration, torment resistance 2, devour on kill
a: no special abilities


You were on level 1 of the Dungeon.
You visited 1 branch of the dungeon, and saw 1 of its levels.

Inventory:

Armour
 a - a +0 robe (worn)
Potions
 b - a potion of magic


   Skills:
 + Level 0.5 Fighting
 - Level 1.7 Dodging
 - Level 2.1 Stealth
 * Level 1.0 Unarmed Combat
 - Level 1.7 Spellcasting
 - Level 4.0 Necromancy


You had 2 spell levels left.
You knew the following spells:

 Your Spells              Type           Power      Damage    Failure   Level
a - Necrotise             Necr           32%        1d5       6%          1

Your spell library contained the following spells:

 Spells                   Type           Power      Damage    Failure   Level
 Vampiric Draining        Necr           8%         2d6       19%         3
 Animate Dead             Necr           8%         N/A       52%         4
 Agony                    Necr           8%         N/A       86%         5


Dungeon Overview and Level Annotations

Branches:
Dungeon (1/15)

Altars:


Innate Abilities, Weirdness & Mutations

You are immune to poison.
You have sharp fingernails.
Your flesh is cold resistant. (rC+)
You are immune to negative energy. (rN+++)
You do not regenerate when monsters are visible.
You are immune to unholy pain and torment.
You thrive by killing the living.


Message History

The quokka is almost dead.
Your kobold skeleton closely misses the quokka.
The quokka splashes around in the water.
You miss the quokka.
The quokka is almost dead.
The quokka closely misses you.
Your kobold skeleton misses the quokka.
You scratch the quokka.
You kill the quokka!
You feel better.
Your kobold skeleton crumbles into dust!
Magic restored.
HP restored.
You open the door.
A hobgoblin comes into view.
The hobgoblin shouts!
Found an escape hatch in the floor.
A hobgoblin is nearby!
Aiming: Necrotise (safe; 6% risk of failure)
Press: ? - help, Q - select action Shift-Dir - straight line, f - hobgoblin
Aim: a hobgoblin (chance to affect: 75%)
The hobgoblin writhes in agony.
Aiming: Necrotise (safe; 6% risk of failure)
Press: ? - help, Q - select action Shift-Dir - straight line, f/p - hobgoblin
Aim: a hobgoblin (moderately wounded, chance to affect: 75%)
The hobgoblin writhes in agony.
You kill the hobgoblin!
The dead are walking!
You swap places.
There is an open door here.
Your hobgoblin skeleton crumbles into dust!
An endoplasm comes into view.
The endoplasm quivers.
The endoplasm writhes in agony.
The endoplasm writhes in agony.
You kill the endoplasm!
Your Unarmed Combat skill increases to level 1!
Saving game... please wait.
Welcome back, cheesebisquit the Ghoul Necromancer.
Press ? for a list of commands and other information.
Are you sure you want to abandon this character and quit the game? (Confirm with "yes".)

...~~≈≈≈≈≈≈~~..~~≈≈≈≈≈≈
.....~≈≈≈≈≈~~~..~~≈≈≈≈≈≈
....~≈≈≈≈≈≈~~...~~~≈≈≈≈≈
....~~~≈≈≈≈≈~....~~~~###
.....~≈≈≈≈≈~~......~##..
.....~≈≈~~~~........#...
.....~~~~~~.........'..<
......~~.......~~†..#...
.......@......~~≈~~~##..
##............~~~≈~~~###
.............~~~~≈≈≈≈≈≈≈
###.....##+##~(≈≈≈≈≈≈≈≈≈
#..~~## ##~≈≈≈≈≈≈≈≈≈
...~~~ #≈≈≈≈≈≈≈≈≈≈
....~~≈ #≈≈≈≈≈≈≈≈≈≈
##..~~≈ #≈≈≈≈≈≈≈≈≈≈


There were no monsters in sight!

Vanquished Creatures
  An endoplasm (D:1)
  A hobgoblin (D:1)
  A quokka (D:1)
  A kobold (D:1)
4 creatures vanquished.

Notes
Turn   | Place    | Note
-------+----------+-------------------------------------------
     0 | D:1      | cheesebisquit the Ghoul Necromancer began the quest for the
                  | Orb.
     0 | D:1      | Reached XP level 1. HP: 14/14 MP: 2/2
   108 | D:1      | Reached skill level 1 in Unarmed Combat
   108 | D:1      | Upgraded the game from 0.30.1-3-gfc49f6343a to
                  | 0.30.1-4-g462c640d31
   108 | D:1      | Quit the game

Illustrated notes

Levels and vault maps discovered:
D:1:      minmay_arrival_shoal_huts, layout_loops_ring,
          hellmonk_ecumenical_altar_run_dry

Skill      XL: |  1 |
---------------+----+-----
Unarmed Combat | 1 |  1.0
Fighting       | |  0.5
Dodging        | |  1.7
Stealth        | |  2.1
Spellcasting   | |  1.7
Necromancy     | |  4.0

Action                     || total
---------------------------++-------
  Melee: Unarmed           ||    10
   Cast: Necrotise         ||     6
 Armour: Robe              ||     2
  Dodge: Dodged            ||    10
